 Seeded DCSS version 0.31-a0-986-g5e6e4ef867 (webtiles) character file.

Game seed: 9146616140193149993 (custom seed)

53 Psyclone the Conjurer (level 3, -3/19 HPs)
             Began as a Deep Elf Conjurer on Nov 11, 2023.
             Was an Initiate of Gozag.
             Slain by a gnoll
             ... wielding a +0 halberd
              (12 damage)
             ... on level 2 of the Dungeon.
             The game lasted 00:02:06 (996 turns).

Psyclone the Conjurer (Deep Elf Conjurer)            Turns: 996, Time: 00:02:07

Health: -3/19      AC:  3    Str:  4    XL:     3   Next: 62%
Magic:  2/10       EV: 12    Int: 24    God:    Gozag
Gold:   151        SH:  0    Dex: 13    Spells: 7/10 levels left

rFire   . . .        (no weapon)
rCold   . . .        (no shield)
rNeg    . . .        a - +0 robe
rPois   .            (no helmet)
rElec   .            g - +0 cloak
rCorr   .            (no gloves)
SInv    .            (no boots)
Will    .....        (no amulet)
Stlth   ++           (no ring)
HPRegen 0.23/turn    (no ring)
MPRegen 0.12/turn

%: no passive effects
@: gold aura
A: no striking features
a: Renounce Religion, Potion Petition, Call Merchant, Bribe Branch


You were on level 2 of the Dungeon.
You worshipped Gozag.
Gozag was aware of your devotion.
You visited 1 branch of the dungeon, and saw 2 of its levels.

You collected 151 gold pieces.

Inventory:

Armour
 a - a +0 robe (worn)
 g - a +0 cloak (worn)
Scrolls
 c - 3 scrolls of enchant weapon {unknown}
 e - 2 scrolls of identify {unknown}
 f - a scroll of teleportation {unknown}
Potions
 b - a potion of magic
 d - a potion of enlightenment {unknown}
 h - a potion of curing {unknown}
 i - a potion of haste {unknown}


   Skills:
 - Level 2.4 Dodging
 - Level 2.4 Stealth
 + Level 4.0 Spellcasting
 * Level 5.4 Conjurations


You had 7 spell levels left.
You knew the following spells:

 Your Spells              Type           Power      Damage    Failure   Level
a - Magic Dart            Conj           100%       1d8       1%          1
b - Searing Ray           Conj           62%        2d6       1%          2

Your spell library contained the following spells:

 Spells                   Type           Power      Damage    Failure   Level
 Dazzling Flash           Conj/Hex       34%        N/A       10%         3
 Blink                    Tloc           8%         N/A       14%         2
 Fulminant Prism          Conj/Hex       8%         3d7       32%         4
 Iskenderun's Mystic Bla  Conj/Tloc      17%        2d5       32%         4
 Manifold Assault         Tloc           4%         N/A       67%         4


Dungeon Overview and Level Annotations

Branches:
Dungeon (2/15) Zot: 11003

Altars:
Gozag

Shops:
D:1 ?[!!?


Message History

You kill the gnoll!
The searing ray hits the gnoll!
You kill the gnoll!
The searing ray hits the gnoll.
The gnoll is heavily wounded.
The kobold barely misses you.
The endoplasm is distracted by your dazzling golden aura.
Your Spellcasting skill increases to level 4!
You now have 6/10 mp.
The searing ray hits the gnoll.
The gnoll is almost dead.
You finish channelling your searing ray.
The endoplasm quivers.
The kobold closely misses you. The gnoll misses you.
You now have 5/10 mp.
Casting: Searing Ray (safe; 1% risk of failure)
Confirm with . or Enter, or press ? or * to list all spells.
Aiming: Searing Ray (safe; 1% risk of failure)
Press: ? - help, Shift-Dir - straight line, f - kobold
Aim: a kobold, wielding a +0 short sword (74% to hit)
The searing ray hits the kobold!
You kill the kobold! (Press . to maintain the ray.)
The gnoll barely misses you.
You now have 3/10 mp.
Things that are here:
6 gold pieces; a +0 short sword The endoplasm is no longer distracted by gold.
Casting: Searing Ray (safe; 1% risk of failure)
Confirm with . or Enter, or press ? or * to list all spells.
Aiming: Searing Ray (safe; 1% risk of failure)
Press: ? - help, Shift-Dir - straight line, f - gnoll
Aim: a gnoll, wielding a +0 halberd (almost dead, 82% to hit)
The searing ray misses the gnoll.
The searing ray hits the gnoll.
The gnoll is moderately wounded. (Press . to maintain the ray.)
The gnoll hits you from afar with a +0 halberd!
Ouch! That really hurt!
You die...
Your body crumbles into a pile of gold.

##. ## ... g.
#.. . #.#.#
##g#g ... #.#
#.###########<#
#.....J@.g.g$.#
##.[###########
# ###


You could see 2 gnolls and an endoplasm.

Vanquished Creatures
  3 gnolls
  A dart slug (D:2)
  2 ball pythons (D:1)
  3 endoplasms (D:1)
  A giant cockroach (D:1)
  3 goblins (D:1)
  A hobgoblin (D:1)
  4 bats
  A frilled lizard (D:1)
  A kobold (D:2)
  A rat (D:1)
21 creatures vanquished.

Notes
Turn   | Place    | Note
-------+----------+-------------------------------------------
     0 | D:1      | Psyclone the Deep Elf Conjurer began the quest for the Orb.
     0 | D:1      | Reached XP level 1. HP: 10/10 MP: 6/6
    59 | D:2      | Found a faded altar of an unknown god.
    74 | D:2      | Prayed at the altar of an unknown god.
    74 | D:2      | Became a worshipper of Gozag Ym Sagoz the Greedy
   166 | D:1      | Found Yxash's Magic Scroll Shoppe.
   260 | D:1      | Reached XP level 2. HP: 15/15 MP: 6/8
   306 | D:1      | Learned a level 2 spell: Searing Ray
   347 | D:1      | Found Duvil's Armour Shop.
   355 | D:1      | Reached skill level 5 in Conjurations
   492 | D:1      | Found Tost's Magic Scroll Shop.
   553 | D:1      | Found Foutar Ahot's Distillery.
   558 | D:1      | Reached XP level 3. HP: 19/19 MP: 6/10
   768 | D:1      | Found Rorchoim's Distillery.
   996 | D:2      | Slain by a gnoll

Illustrated notes

Levels and vault maps discovered:
D:1:      minmay_arrival_five_plusses, layout_basic, serial_shops, shop, shop,
          shop, shop, nicolae_shop_just_a_little_nook
D:2:      layout_loops_ring, shapermc_ecumenical_altar_petra,
          minmay_pentomino_o2

Skill      XL: |  1  2  3 |
---------------+----------+-----
Conjurations   | 5 |  5.4
Spellcasting   | 4 |  4.0
Dodging        | |  2.4
Stealth        | |  2.4

Action                     || total
---------------------------++-------
  Melee: Unarmed           ||    11
   Cast: Magic Dart        ||    28
         Searing Ray       ||     4
 Armour: Robe              ||     6
  Dodge: Dodged            ||     7

Table legend: (Time is in decaauts)
 A = Elapsed time spent in this place.
 B = Non-inter-level travel time spent in this place.
 C = Inter-level travel time spent in this place.
 D = Time resting spent in this place.
 E = Time spent auto-exploring this place.
 F = Levels seen in this place.
 G = Mean time per level.
                   A        B        C        D        E       F      G
               +--------+--------+--------+--------+--------+-----+--------+
         Total |    995 |    958 |     37 |      7 |    722 |   2 |  497.5 |
       Dungeon |    995 |    958 |     37 |      7 |    722 |   2 |  497.5 |
               +--------+--------+--------+--------+--------+-----+--------+

Top non-repeatable levels by time:
     D:1: 823 daAuts
     D:2: 171 daAuts
